[Event "Titled Tuesday Blitz October 04 Early 2022"]
[White "Vaibhav Jayant Raut"]
[Black "Zhigalko, Sergei"]
[WhiteFideId "5089034"]
[BlackFideId "13502956"]
[WhiteElo "2147"]
[BlackElo "2662"]
[Result "0-1"]
[Round "09"]
[TimeControl "180+1"]
[Date "2022.10.04"]
[WhiteClock "0:00:10"]
[BlackClock "0:00:05"]

1. d4 Nf6 2. Bf4 e6 3. e3 d5 4. Nf3 Bd6 5. Nbd2 O-O 6. Bd3 b6 7. O-O Bxf4 8. exf4 Ba6 9. Qe2 Bxd3 10. Qxd3 c5 11. c3 Nc6 12. f5 exf5 13. Qxf5 cxd4 14. Nxd4 Nxd4 15. cxd4 Qd6 16. a3 Rfe8 17. Rfe1 g6 18. Qd3 Rac8 19. h3 Kg7 20. Rac1 Rxe1+ 21. Rxe1 Qc7 22. Nf3 Ne4 23. Ne5 Qc2 24. Qf3 Rc7 25. Qf4 h5 26. Nf3 Qxf2+ 27. Kh1 Rc2 28. Qe5+ Kh7 29. Rg1 Ng3+ 30. Kh2 Qxf3 31. Qxg3 Qxg3+ 32. Kxg3 Rxb2 33. Rc1 Rb3+ 34. Kf4 Rxa3 35. Ke5 Ra2 36. Kxd5 Rxg2 37. Rd1 Kg7 38. Kc6 Rc2+ 39. Kb7 Kf6 40. d5 Ke7 41. Kxa7 b5 42. Kb6 b4 43. Rb1 Kd6 44. Rxb4 Kxd5 45. Rf4 Ke6 46. Rf3 f5 47. Kb5 g5 48. Kb4 g4 49. Re3+ Kf6 50. hxg4 hxg4 51. Kb3 Rc7 52. Re1 f4 53. Rg1 g3 54. Kb2 Kf5 55. Rg2 Kg4 56. Rc2 Rxc2+ 0-1


[Site "https://www.chess.com"]

[Event "Titled Tuesday Blitz October 04 Early 2022"]
[White "Vlassov, Nikolai"]
[Black "Bryakin, Mikhail"]
[WhiteFideId "4103360"]
[BlackFideId "4165314"]
[WhiteElo "2324"]
[BlackElo "2367"]
[Result "1/2-1/2"]
[Round "09"]
[TimeControl "180+1"]
[Date "2022.10.04"]
[WhiteClock "0:00:03"]
[BlackClock "0:00:04"]

1. e4 d5 2. exd5 Qxd5 3. Nc3 Qe5+ 4. Be2 Bg4 5. f3 Bh5 6. d4 Qa5 7. Nh3 Nf6 8. Nf4 Nc6 9. d5 O-O-O 10. Bd2 Ne5 11. a4 Qb6 12. a5 Qc5 13. b4 Qxb4 14. O-O Nc4 15. Rb1 Qc5+ 16. Kh1 Ne3 17. Bxe3 Qxe3 18. Nxh5 Qxc3 19. Nxf6 exf6 20. a6 b6 21. Bb5 Bc5 22. Rb3 Qe5 23. Bc6 Rd6 24. f4 Qf5 25. Qf3 h5 26. Rc3 Bb4 27. Rc4 Ba5 28. h3 Rhd8 29. Ra4 Bd2 30. Rd1 Ba5 31. Rxa5 bxa5 32. Rb1 Rxc6 33. dxc6 Rd6 34. Rb7 Qxc2 35. Qe3 Re6 36. Qxa7 Qc1+ 37. Qg1 Re1 38. Qxe1 Qxe1+ 39. Kh2 Qe3 40. a7 Qxf4+ 41. Kh1 Qf1+ 42. Kh2 Qf4+ 43. Kh1 Qc1+ 44. Kh2 Qf4+ 1/2-1/2


[Site "https://www.chess.com"]

[Event "Titled Tuesday Blitz October 04 Early 2022"]
[White "Wong, Yinn Long"]
[Black "Yuan, Qingyu"]
[WhiteFideId "5707684"]
[BlackFideId "8609772"]
[WhiteElo "2271"]
[BlackElo "2359"]
[Result "1/2-1/2"]
[Round "09"]
[TimeControl "180+1"]
[Date "2022.10.04"]
[WhiteClock "0:00:14"]
[BlackClock "0:00:03"]

1. Nf3 d5 2. b3 c5 3. Bb2 f6 4. d3 e5 5. c4 d4 6. g3 Nc6 7. Bg2 Bd6 8. O-O Nge7 9. a3 O-O 10. b4 cxb4 11. axb4 Bxb4 12. Ba3 Qd6 13. Qb3 Be6 14. Qa4 a6 15. Bxb4 Nxb4 16. Nbd2 Nec6 17. Rfb1 Qe7 18. Ne1 Rae8 19. Rb2 Rb8 20. Qa3 a5 21. Rab1 Qc7 22. Nb3 Bf7 23. Nxa5 Ra8 24. Rxb4 Nxb4 25. Qxb4 Rxa5 26. Nc2 Rb8 27. Na3 Qc5 28. Qxc5 Rxc5 29. Rb6 Rc7 30. Kf1 Be8 31. Bd5+ Kf8 32. Nb5 Bxb5 33. Rxb5 b6 34. Kg2 Rc5 35. Rb4 Ke7 36. g4 g6 37. h4 f5 38. h5 Kf6 39. Ra4 Ra5 40. Rb4 Kg5 41. hxg6 hxg6 42. gxf5 gxf5 43. Rb1 Ra7 44. e3 dxe3 45. fxe3 f4 46. Kf3 fxe3 47. Kxe3 Kf6 48. Ke4 Re7 49. Rb5 Kg6 50. c5 Kf6 51. cxb6 Rd7 52. b7 Rd6 53. Rb1 Rd7 54. Rf1+ Ke7 55. Rb1 Kd6 56. Rb6+ Kc7 57. Rb3 Re7 58. Rc3+ Kb6 59. Rb3+ Kc7 60. Kf5 Kd6 61. Be4 Rf7+ 62. Kg5 Rg8+ 63. Kh6 Rb8 64. Rb6+ Kc7 65. Rc6+ Kd7 66. Kg6 Rff8 67. Rc2 Kd6 68. Rc6+ Kd7 69. Rc5 Kd6 70. Rc1 Ke6 71. Rc6+ Kd7 1/2-1/2


[Site "https://www.chess.com"]

[Event "Titled Tuesday Blitz October 04 Early 2022"]
[White "Zelbel, Patrick"]
[Black "Kamsky, Gata"]
[WhiteFideId "24624322"]
[BlackFideId "2000024"]
[WhiteElo "2474"]
[BlackElo "2666"]
[Result "1/2-1/2"]
[Round "09"]
[TimeControl "180+1"]
[Date "2022.10.04"]
[WhiteClock "0:00:37"]
[BlackClock "0:00:19"]

1. e4 c5 2. b4 cxb4 3. a3 b3 4. cxb3 d5 5. exd5 Nf6 6. Nc3 Nxd5 7. Bb2 Nc6 8. Nf3 Bg4 9. h3 Bh5 10. Bb5 a6 11. Bxc6+ bxc6 12. O-O e6 13. Re1 Nf4 14. d4 Bd6 15. Ne4 O-O 16. Ng3 Bg6 17. Ne4 Bxe4 18. Rxe4 Nd5 19. Rc1 Rc8 20. Nd2 Qe7 21. Nc4 Rc7 22. Qf3 a5 23. a4 Ra8 24. g3 Rb7 25. h4 Bc7 26. Rd1 Qf6 27. Rd3 Qxf3 28. Rxf3 Rab8 29. Nd2 h5 30. Ba3 Bd8 31. Bd6 Bc7 32. Bc5 Bd8 33. Bd6 Ra8 34. Kg2 Be7 35. Bc5 Bf6 36. Nc4 Ra6 37. Kf1 Rb8 38. Kg2 Rb7 39. Kf1 Rb8 40. Kg2 Rb7 1/2-1/2


[Site "https://www.chess.com"]

[Event "Titled Tuesday Blitz October 04 Early 2022"]
[White "Abdisalimov, Abdimalik"]
[Black "Vlassov, Nikolai"]
[WhiteFideId "14206323"]
[BlackFideId "4103360"]
[WhiteElo "2401"]
[BlackElo "2324"]
[Result "1-0"]
[Round "10"]
[TimeControl "180+1"]
[Date "2022.10.04"]
[WhiteClock "0:00:10"]
[BlackClock "0:00:20"]

1. d4 Nf6 2. c4 Nc6 3. Nf3 e6 4. a3 g6 5. g3 Bg7 6. Bg2 O-O 7. O-O d5 8. Nbd2 Ne7 9. Qc2 b6 10. e4 dxe4 11. Nxe4 Bb7 12. Nc3 c5 13. dxc5 bxc5 14. Rd1 Qc8 15. Bf4 Nf5 16. Nb5 Rd8 17. Rxd8+ Qxd8 18. Rd1 Qb6 19. Bc7 Qa6 20. Bd8 Be4 21. Qe2 Qb7 22. Bxf6 Bxf6 23. g4 Nd4 24. Nfxd4 Bxg2 25. Nd6 Qb6 26. Nxe6 Bc6 27. Nf4 Qxb2 28. Ne4 Qxe2 29. Nxf6+ Kg7 30. Nxe2 Kxf6 31. Rd6+ Ke5 32. Rxc6 Rb8 33. Rxc5+ Ke4 34. Kg2 Rb2 35. Ng3+ Kd4 36. Ra5 f5 37. gxf5 gxf5 38. Nxf5+ Kxc4 39. Rxa7 h5 40. h4 Rb5 41. Ng3 Kb3 42. a4 Rc5 43. a5 Ka4 44. a6 Ka5 45. Rh7 Kxa6 46. Rxh5 Rc1 47. Rg5 Kb7 48. h5 Kc8 49. h6 Kd7 50. h7 1-0


[Site "https://www.chess.com"]

[Event "Titled Tuesday Blitz October 04 Early 2022"]
[White "Andreikin, Dmitry"]
[Black "Duda, Jan-Krzysztof"]
[WhiteFideId "4158814"]
[BlackFideId "1170546"]
[WhiteElo "2736"]
[BlackElo "2779"]
[Result "1-0"]
[Round "10"]
[TimeControl "180+1"]
[Date "2022.10.04"]
[WhiteClock "0:00:56"]
[BlackClock "0:00:15"]

1. Nf3 Nf6 2. g3 b6 3. Bg2 Bb7 4. O-O g6 5. c4 c5 6. b3 Bg7 7. Bb2 O-O 8. d4 cxd4 9. Qxd4 d6 10. Nc3 Ne4 11. Qe3 Nd7 12. h4 Re8 13. Rad1 Rc8 14. h5 Nef6 15. hxg6 hxg6 16. Ng5 Qc7 17. Rd4 Qb8 18. Rh4 Rc5 19. Nd5 Nxd5 20. Bxd5 Bxd5 21. Bxg7 Kxg7 22. Rh7+ Kg8 23. cxd5 Qb7 24. Nxf7 Kxh7 25. Qh6+ Kg8 26. Qxg6+ Kf8 27. Ng5 1-0


[Site "https://www.chess.com"]

[Event "Titled Tuesday Blitz October 04 Early 2022"]
[White "Arabidze, Meri"]
[Black "Makarian, Rudik"]
[WhiteFideId "13604040"]
[BlackFideId "44105681"]
[WhiteElo "2403"]
[BlackElo "2405"]
[Result "0-1"]
[Round "10"]
[TimeControl "180+1"]
[Date "2022.10.04"]
[WhiteClock "0:00:01"]
[BlackClock "0:01:59"]

1. Nf3 Nf6 2. d4 c5 3. d5 b5 4. c4 b4 5. Bg5 g6 6. Nbd2 Bg7 7. a3 O-O 8. axb4 cxb4 9. e4 d6 10. Be2 Nbd7 11. O-O Nc5 12. Qb1 a5 13. Nd4 Bb7 14. Be3 a4 15. e5 Nfd7 16. exd6 exd6 17. Nb5 Ne5 18. Bd4 Re8 19. f4 Ned7 20. Bxg7 Kxg7 21. Bf3 Qb6 22. Kh1 Ba6 23. Nd4 Nf6 24. Nc6 Bb7 25. f5 g5 26. Qd1 Re3 27. Re1 Nd3 28. Rf1 Re1 29. Qxe1 Nxe1 30. Rfxe1 a3 31. bxa3 Rxa3 32. Rab1 Bxc6 33. dxc6 g4 34. Bd5 Rd3 35. Ne4 Nxd5 36. cxd5 Rxd5 37. f6+ Kg6 38. Rec1 Qc7 39. Kg1 Rb5 40. Nd2 Rc5 41. Ne4 Rb5 0-1


[Site "https://www.chess.com"]

[Event "Titled Tuesday Blitz October 04 Early 2022"]
[White "Batsuren, Dambasuren"]
[Black "Wong, Yinn Long"]
[WhiteFideId "4902920"]
[BlackFideId "5707684"]
[WhiteElo "2422"]
[BlackElo "2271"]
[Result "1-0"]
[Round "10"]
[TimeControl "180+1"]
[Date "2022.10.04"]
[WhiteClock "0:02:52"]
[BlackClock "0:02:08"]

1. d4 Nf6 2. c4 c5 3. d5 b5 4. Nf3 bxc4 5. Nc3 d6 6. e4 g6 7. Bxc4 Bg7 8. e5 dxe5 9. Nxe5 O-O 10. O-O Bb7 11. Bg5 Nxd5 12. Nxd5 Bxe5 13. Nxe7+ 1-0


[Site "https://www.chess.com"]

[Event "Titled Tuesday Blitz October 04 Early 2022"]
[White "Bharath Subramaniyam H"]
[Black "Ivic, Velimir"]
[WhiteFideId "46634827"]
[BlackFideId "950122"]
[WhiteElo "2395"]
[BlackElo "2625"]
[Result "1-0"]
[Round "10"]
[TimeControl "180+1"]
[Date "2022.10.04"]
[WhiteClock "0:00:02"]
[BlackClock "0:00:03"]

1. d4 Nf6 2. Nc3 d5 3. Bf4 Bf5 4. e3 e6 5. Bd3 c6 6. Nf3 Nbd7 7. O-O Bb4 8. Ne2 O-O 9. c4 Re8 10. c5 Ba5 11. Bxf5 exf5 12. Qb3 Qc8 13. Qd3 Ne4 14. Rfc1 Bc7 15. Bxc7 Qxc7 16. Ne1 g6 17. f3 Nef6 18. Nc2 Re7 19. Re1 Rae8 20. b4 h5 21. a4 h4 22. b5 Nf8 23. a5 h3 24. g3 Ne6 25. b6 axb6 26. cxb6 Qb8 27. Kf2 c5 28. dxc5 Nxc5 29. Qd4 Qd6 30. Reb1 Rc8 31. Ra2 Kg7 32. Nf4 Re5 33. Nb4 Nce4+ 34. fxe4 Nxe4+ 35. Kf3 Rc4 36. Qb2 Nc3 37. Nbd3 d4 38. Re1 Qc6+ 39. Kf2 Re8 40. Raa1 Ne4+ 41. Kg1 Ng5 42. Rec1 Nf3+ 43. Kf1 Rxe3 44. Rxc4 Qxc4 45. Rc1 Qa4 46. Kf2 Ng5 47. Re1 Ne4+ 48. Kf1 Rf3+ 49. Ke2 Re3+ 50. Kf1 Rf3+ 51. Kg1 Nc3 52. Ne5 Re3 53. Rxe3 Qd1+ 54. Kf2 dxe3+ 55. Kxe3 Qe1+ 56. Kd3 Na4 57. Qd4 Qd1+ 58. Kc4 Qc2+ 59. Kd5 Nc3+ 60. Kc5 Ne2+ 61. Qc4 Qxc4+ 62. Nxc4 Nxg3 63. Nxh3 Ne4+ 64. Kd4 1-0


[Site "https://www.chess.com"]

[Event "Titled Tuesday Blitz October 04 Early 2022"]
[White "Bortnyk, Olexandr"]
[Black "Wirig, Anthony"]
[WhiteFideId "14120828"]
[BlackFideId "615013"]
[WhiteElo "2723"]
[BlackElo "2474"]
[Result "1-0"]
[Round "10"]
[TimeControl "180+1"]
[Date "2022.10.04"]
[WhiteClock "0:02:17"]
[BlackClock "0:00:03"]

1. e4 c5 2. c3 g6 3. d4 cxd4 4. cxd4 d5 5. exd5 Nf6 6. Nc3 Bg7 7. Bc4 Nbd7 8. Bb3 Nb6 9. Nf3 Nbxd5 10. O-O O-O 11. h3 b6 12. Re1 Bb7 13. Bg5 Re8 14. Ne5 Rc8 15. Qf3 e6 16. Ne4 Kf8 17. Nxf6 Bxf6 18. Bxd5 Bxd5 19. Qxf6 Qxf6 20. Nd7+ Kg7 21. Bxf6+ Kh6 22. Be5 g5 23. Nf6 Red8 24. Nxd5 Rxd5 25. Rac1 Rxc1 26. Rxc1 Kg6 27. Rc6 h5 28. g4 hxg4 29. hxg4 Rb5 30. b3 Ra5 31. a4 b5 32. Rc5 1-0


[Site "https://www.chess.com"]

[Event "Titled Tuesday Blitz October 04 Early 2022"]
[White "Bryakin, Mikhail"]
[Black "Kodinets, Konstantin L."]
[WhiteFideId "4165314"]
[BlackFideId "4122011"]
[WhiteElo "2367"]
[BlackElo "2447"]
[Result "0-1"]
[Round "10"]
[TimeControl "180+1"]
[Date "2022.10.04"]
[WhiteClock "0:01:56"]
[BlackClock "0:02:14"]

1. e4 e5 2. d4 d6 3. f4 exd4 4. Qxd4 Nc6 5. Qe3 Nf6 6. Nc3 Be7 7. Bd2 d5 8. exd5 Nxd5 9. Nxd5 Qxd5 10. Nf3 O-O 11. Bd3 Bc5 12. Qe4 Qxe4+ 13. Bxe4 Re8 14. O-O-O Rxe4 15. Ng5 Re8 16. Bc3 h6 17. Nf3 Bg4 0-1


[Site "https://www.chess.com"]

[Event "Titled Tuesday Blitz October 04 Early 2022"]
[White "Durarbayli, Vasif"]
[Black "Zhao, Jun"]
[WhiteFideId "13402935"]
[BlackFideId "8602522"]
[WhiteElo "2586"]
[BlackElo "2547"]
[Result "0-1"]
[Round "10"]
[TimeControl "180+1"]
[Date "2022.10.04"]
[WhiteClock "0:00:03"]
[BlackClock "0:00:04"]

1. e4 e5 2. Nf3 Nc6 3. Bc4 Bc5 4. O-O Nf6 5. d3 d6 6. c3 O-O 7. Re1 a5 8. b3 h6 9. a4 Ba7 10. Ra2 Ne7 11. d4 exd4 12. cxd4 Bg4 13. Nc3 Bxf3 14. gxf3 d5 15. e5 dxc4 16. exf6 Ng6 17. fxg7 Kxg7 18. bxc4 Qxd4 19. Qb3 Rfe8 20. Ne4 Qd8 21. Rd2 Qh4 22. Bb2+ Kh7 23. Kh1 Re6 24. Rd7 Qf4 25. Rg1 Rg8 26. Qxb7 Qxf3+ 27. Rg2 Nh4 28. Nf6+ Rxf6 29. Qxf3 Rxf3 30. Rxg8 Kxg8 31. Rxc7 Rxf2 32. Rc8+ Kh7 33. Rh8+ Kg6 34. Rg8+ Kh5 0-1


[Site "https://www.chess.com"]

[Event "Titled Tuesday Blitz October 04 Early 2022"]
[White "Dushyant Sharma"]
[Black "Nigmatov, Ortik"]
[WhiteFideId "25065130"]
[BlackFideId "14202131"]
[WhiteElo "2270"]
[BlackElo "2378"]
[Result "1-0"]
[Round "10"]
[TimeControl "180+1"]
[Date "2022.10.04"]
[WhiteClock "0:02:06"]
[BlackClock "0:02:46"]

1. e4 c5 2. Nf3 e6 3. d4 cxd4 4. Nxd4 Nf6 5. Nc3 d6 6. f4 a6 7. Nf3 Qc7 8. Bd3 b5 9. O-O Bb7 10. a3 Nbd7 11. Qe1 Be7 12. Bd2 O-O 13. Qg3 Kh8 14. e5 Nh5 15. Qh3 g6 16. g4 Ng7 17. exd6 Qxd6 18. Ne4 Bxe4 19. Bxe4 Qd4+ 20. Nxd4 1-0


[Site "https://www.chess.com"]

[Event "Titled Tuesday Blitz October 04 Early 2022"]
[White "Gunina, Valentina"]
[Black "Samunenkov, Ihor"]
[WhiteFideId "4167570"]
[BlackFideId "14187086"]
[WhiteElo "2376"]
[BlackElo "2441"]
[Result "1-0"]
[Round "10"]
[TimeControl "180+1"]
[Date "2022.10.04"]
[WhiteClock "0:01:33"]
[BlackClock "0:00:04"]

1. d4 Nf6 2. c4 e6 3. Nf3 b6 4. g3 c6 5. Bg2 Be7 6. O-O O-O 7. Nc3 d5 8. b3 Nbd7 9. Bf4 Ba6 10. Nd2 b5 11. Rc1 bxc4 12. bxc4 Nb6 13. c5 Nc4 14. Nxc4 Bxc4 15. Qa4 Qc8 16. Bf3 Nd7 17. Rfe1 e5 18. dxe5 Nxc5 19. Qc2 Ne6 20. Bg4 Qc7 21. e4 Nxf4 22. gxf4 Ba3 23. Rcd1 Qa5 24. e6 Bb4 25. Re3 fxe6 26. Bxe6+ Kh8 27. exd5 Bxc3 28. Rh3 g6 29. Rxc3 cxd5 30. Qb2 Qd8 31. Rxc4+ Qf6 32. Qxf6+ Rxf6 33. Bxd5 1-0


[Site "https://www.chess.com"]

[Event "Titled Tuesday Blitz October 04 Early 2022"]
[White "Hakobyan, Aram"]
[Black "Kravtsiv, Martyn"]
[WhiteFideId "13306677"]
[BlackFideId "14113147"]
[WhiteElo "2563"]
[BlackElo "2694"]
[Result "1-0"]
[Round "10"]
[TimeControl "180+1"]
[Date "2022.10.04"]
[WhiteClock "0:00:05"]
[BlackClock "0:00:16"]

1. d4 d5 2. Nf3 Nf6 3. c3 e6 4. Bf4 c5 5. e3 Nc6 6. Nbd2 Bd6 7. Bg3 O-O 8. Bd3 g6 9. O-O b6 10. Qe2 Bb7 11. Rad1 Qc7 12. Rfe1 e5 13. Bh4 Nh5 14. g4 Ng7 15. e4 cxd4 16. exd5 dxc3 17. bxc3 Ne7 18. c4 f6 19. Ne4 g5 20. Bg3 Ng6 21. h4 Nf4 22. Bxf4 gxf4 23. g5 fxg5 24. Nfxg5 h6 25. Nh7 Bb4 26. Nxf8 Rxf8 27. Qg4 Bc8 28. Qg6 Qe7 29. Ng5 hxg5 30. Qh7+ Kf7 31. Qg6+ Kg8 32. Qh7+ Kf7 33. Bg6+ Kf6 34. Qh6 gxh4 35. Bh7+ Kf7 36. Qg6# 1-0


[Site "https://www.chess.com"]

[Event "Titled Tuesday Blitz October 04 Early 2022"]
[White "Harsha Bharathakoti"]
[Black "Jobava, Baadur"]
[WhiteFideId "5078776"]
[BlackFideId "13601520"]
[WhiteElo "2523"]
[BlackElo "2582"]
[Result "0-1"]
[Round "10"]
[TimeControl "180+1"]
[Date "2022.10.04"]
[WhiteClock "0:00:01"]
[BlackClock "0:02:08"]

1. d4 Nf6 2. c4 c5 3. d5 g6 4. Nc3 d6 5. e4 Bg7 6. h3 O-O 7. Bd3 e6 8. Nf3 exd5 9. exd5 Re8+ 10. Be3 Rxe3+ 11. fxe3 Qe7 12. O-O Nbd7 13. Qd2 b6 14. Rae1 Ba6 15. Qc2 Ne5 16. Nxe5 Qxe5 17. Rf3 h5 18. Ref1 Rf8 19. Qa4 Bc8 20. Qxa7 Bg4 21. hxg4 hxg4 22. R3f2 Qxe3 23. Nd1 Qd4 24. Qa3 g3 25. Be2 Ne4 26. Bf3 Nd2 27. Qe3 Qh4 0-1


[Site "https://www.chess.com"]

[Event "Titled Tuesday Blitz October 04 Early 2022"]
[White "Jones, Gawain C B"]
[Black "Lazavik, Denis"]
[WhiteFideId "409561"]
[BlackFideId "13515110"]
[WhiteElo "2657"]
[BlackElo "2437"]
[Result "0-1"]
[Round "10"]
[TimeControl "180+1"]
[Date "2022.10.04"]
[WhiteClock "0:00:01"]
[BlackClock "0:00:44"]

1. Nf3 d5 2. g3 g6 3. Bg2 Bg7 4. O-O e5 5. d3 Ne7 6. c4 O-O 7. cxd5 Nxd5 8. Nc3 Ne7 9. Rb1 a5 10. b3 Nbc6 11. Bb2 h6 12. Nb5 Be6 13. Nd2 Qd7 14. a3 Rac8 15. Nc4 Bh3 16. Bxh3 Qxh3 17. e4 f5 18. exf5 Nxf5 19. Qe2 Nfd4 20. Bxd4 exd4 21. Rbe1 Kh7 22. Qe6 Qh5 23. f4 Qxb5 24. f5 gxf5 25. a4 Qc5 26. Qd7 Nb8 27. Qe6 Rce8 28. Qxe8 Rxe8 29. Rxe8 Nc6 30. Ra8 b6 31. Re1 Qd5 32. Rc8 Qd7 33. Rce8 f4 34. R8e4 fxg3 35. hxg3 Qh3 36. Kf2 Nb4 37. Rd1 Nxd3+ 38. Ke2 Nc5 39. Rf4 Qg2+ 40. Rf2 d3+ 41. Rxd3 Qxf2+ 42. Kxf2 Nxd3+ 43. Ke3 Nc5 44. Nd2 Bc3 45. Nf3 Nxb3 46. Kd3 Bf6 47. Kc4 Nc5 48. Kb5 Kg6 49. Nd2 Be5 50. g4 Bd6 51. Nf3 Ne4 52. Kc4 Nf6 53. Nd4 Nxg4 54. Kd3 Nf6 0-1


[Site "https://www.chess.com"]

[Event "Titled Tuesday Blitz October 04 Early 2022"]
[White "Kamsky, Gata"]
[Black "Gabrielian, Artur"]
[WhiteFideId "2000024"]
[BlackFideId "4131002"]
[WhiteElo "2666"]
[BlackElo "2432"]
[Result "1-0"]
[Round "10"]
[TimeControl "180+1"]
[Date "2022.10.04"]
[WhiteClock "0:00:21"]
[BlackClock "0:00:02"]

1. d4 Nf6 2. Nf3 g6 3. Bg5 Bg7 4. c3 O-O 5. Nbd2 d5 6. e3 Nbd7 7. Be2 Re8 8. O-O c6 9. b4 e5 10. Bh4 Qc7 11. Rc1 Nh5 12. a4 exd4 13. cxd4 Qd6 14. b5 c5 15. dxc5 Nxc5 16. Nc4 Qe6 17. Nd4 Bxd4 18. exd4 Qxe2 19. Nd6 Qxd1 20. Rfxd1 Re4 21. Rxc5 Rxh4 22. Rxc8+ Rxc8 23. Nxc8 a6 24. Ne7+ Kf8 25. Nxd5 axb5 26. axb5 Re4 27. g3 Re2 28. b6 Rb2 29. Rc1 Kg7 30. Rc7 Rb5 31. Rd7 g5 32. g4 Nf4 33. Nxf4 gxf4 34. Rxb7 f3 35. h3 Rb2 36. Rb8 Kf6 37. b7 Ke7 38. Kh2 Rxf2+ 39. Kg3 Rb2 40. Kxf3 Rb3+ 41. Kf4 1-0


[Site "https://www.chess.com"]

[Event "Titled Tuesday Blitz October 04 Early 2022"]
[White "Leiva, Gianmarco"]
[Black "Salinas Herrera, Pablo"]
[WhiteFideId "3804399"]
[BlackFideId "3407128"]
[WhiteElo "2285"]
[BlackElo "2550"]
[Result "0-1"]
[Round "10"]
[TimeControl "180+1"]
[Date "2022.10.04"]
[WhiteClock "0:00:01"]
[BlackClock "0:00:12"]

1. e4 c5 2. Nf3 e6 3. d3 g6 4. g3 Bg7 5. Bg2 Nc6 6. O-O Nge7 7. c3 e5 8. a3 O-O 9. b4 d6 10. Nbd2 a6 11. Bb2 h6 12. Nb3 b6 13. d4 exd4 14. cxd4 c4 15. Nbd2 b5 16. Bc3 d5 17. e5 a5 18. bxa5 Nxa5 19. Bb4 Nac6 20. Bc5 Re8 21. Ne1 Nf5 22. Nc2 Be6 23. Nb1 Rc8 24. f4 f6 25. Nc3 Na5 26. Rb1 Nb3 27. Rxb3 cxb3 28. Nb4 fxe5 29. fxe5 Ne3 30. Qxb3 Rxc5 31. dxc5 d4 32. Ncd5 Nxf1 33. Kxf1 Bxe5 34. Qd3 Qg5 35. Nc6 Qc1+ 36. Kf2 Rf8+ 37. Nf4 Bf5 38. Qb3+ Kh7 39. Nxe5 Qxc5 40. Nf3 d3+ 41. Ke1 Qe3+ 0-1


[Site "https://www.chess.com"]

[Event "Titled Tuesday Blitz October 04 Early 2022"]
[White "Matinian, Nikita"]
[Black "Terry, Renato"]
[WhiteFideId "24129100"]
[BlackFideId "3803457"]
[WhiteElo "2422"]
[BlackElo "2577"]
[Result "0-1"]
[Round "10"]
[TimeControl "180+1"]
[Date "2022.10.04"]
[WhiteClock "0:00:01"]
[BlackClock "0:00:24"]

1. e4 e6 2. d4 d5 3. Nc3 Nf6 4. Bg5 Bb4 5. e5 h6 6. Bc1 Ne4 7. Qg4 g6 8. a3 Bxc3+ 9. bxc3 c5 10. Bd3 Nxc3 11. dxc5 Nc6 12. Nf3 Qa5 13. O-O Qxc5 14. Bd2 Bd7 15. Qf4 O-O-O 16. Qxf7 g5 17. Qh5 Rdf8 18. h3 Kb8 19. Qg4 Rhg8 20. Rfe1 Ka8 21. Qg3 Ne4 22. Bxe4 dxe4 23. Rxe4 Qxc2 24. Ree1 Be8 25. Rac1 Qb3 26. Bb4 Rf4 27. Re3 Qd5 28. Rc5 Qd7 29. Nh2 Bh5 30. Rd3 Rd4 31. Rxd4 Qxd4 32. Ng4 Bxg4 33. Qxg4 Qxg4 34. hxg4 Rd8 35. f3 Kb8 36. Rc3 Nxb4 37. axb4 Rd4 38. Rb3 Kc7 39. Kf2 Kc6 40. Ke3 Kd5 41. Rc3 Rxb4 42. Rc7 Kxe5 43. Rh7 Rb3+ 44. Kf2 a5 45. Rxh6 a4 46. Rg6 b5 47. Rxg5+ Kf6 48. Rc5 a3 49. g5+ Kg6 50. Rc6 a2 51. Rxe6+ Kxg5 52. Ra6 Rb2+ 53. Kg3 b4 54. f4+ Kf5 55. Kf3 Rb3+ 56. Kf2 Ra3 57. Rb6 a1=Q 0-1


[Site "https://www.chess.com"]

[Event "Titled Tuesday Blitz October 04 Early 2022"]
[White "Nakamura, Hikaru"]
[Black "Martinez Alcantara, Jose Eduardo"]
[WhiteFideId "2016192"]
[BlackFideId "3805662"]
[WhiteElo "2909"]
[BlackElo "2703"]
[Result "1-0"]
[Round "10"]
[TimeControl "180+1"]
[Date "2022.10.04"]
[WhiteClock "0:00:14"]
[BlackClock "0:00:03"]

1. Nf3 d5 2. e3 Nf6 3. c4 c6 4. d4 Bg4 5. h3 Bxf3 6. Qxf3 e6 7. Nc3 Nbd7 8. Bd3 g6 9. O-O Bg7 10. Rd1 O-O 11. Qe2 Qe7 12. Qc2 Rac8 13. Qb3 Rb8 14. Bf1 a6 15. Qc2 dxc4 16. Bxc4 b5 17. Bf1 c5 18. dxc5 Nxc5 19. Bd2 Rfc8 20. Qb1 Nfd7 21. Be1 Nb6 22. Ne2 Nca4 23. b3 Nc3 24. Nxc3 Bxc3 25. Bxc3 Rxc3 26. Qe4 Rbc8 27. g3 Qf6 28. Bg2 Rc2 29. Qf4 Qxf4 30. gxf4 Rb2 31. Rd6 Nd5 32. f5 gxf5 33. Bxd5 exd5 34. Rxa6 Rcc2 35. Rf1 Rd2 36. Rb6 Rxa2 37. Rxb5 Rab2 38. Rb4 Kg7 39. Kg2 Kf6 40. Rb6+ Ke5 41. Rb7 Ke6 42. b4 h5 43. Kf3 Kf6 44. b5 d4 45. Rb6+ Ke7 46. exd4 Rxd4 47. Ra1 Rb3+ 48. Kg2 f4 49. Ra7+ Kf8 50. Rf6 Rxb5 51. Rfxf7+ Kg8 52. Rg7+ Kh8 53. h4 f3+ 54. Kh3 Rb1 55. Rh7+ Kg8 56. Rxh5 Rh1+ 57. Kg3 Rd3 58. Rb5 Rg1+ 59. Kf4 Rd8 60. Rg5+ Rxg5 61. hxg5 Rf8+ 62. Kg4 1-0


[Site "https://www.chess.com"]

[Event "Titled Tuesday Blitz October 04 Early 2022"]
[White "Omelja, Artem"]
[Black "Makhnev, Denis"]
[WhiteFideId "14119846"]
[BlackFideId "13707647"]
[WhiteElo "2403"]
[BlackElo "2486"]
[Result "0-1"]
[Round "10"]
[TimeControl "180+1"]
[Date "2022.10.04"]
[WhiteClock "0:00:02"]
[BlackClock "0:01:05"]

1. d4 Nf6 2. c4 e6 3. Nf3 b6 4. a3 Bb7 5. Nc3 d5 6. Bg5 Nbd7 7. e3 a6 8. cxd5 exd5 9. Bd3 Bd6 10. O-O O-O 11. Rc1 h6 12. Bh4 Re8 13. Qc2 c5 14. Qb1 c4 15. Bf5 g5 16. Bg3 Bxg3 17. hxg3 b5 18. e4 Nxe4 19. Bxd7 Qxd7 20. Ne5 Qe6 21. Rfe1 f6 22. Nf3 Kg7 23. Qc2 Qf7 24. Re3 Nd6 25. Rce1 Rxe3 26. Rxe3 Re8 27. Ne2 Rxe3 28. fxe3 Qe6 29. Qc1 Bc6 30. Nh2 Be8 31. g4 h5 32. gxh5 Bxh5 33. Ng3 Bg6 34. Kf2 a5 35. Nf3 b4 36. axb4 axb4 37. Qa1 c3 38. bxc3 Nc4 39. Nf1 b3 40. N3d2 b2 41. Qa7+ Kh6 42. Qb8 Kg7 43. Qb7+ Qf7 44. Qb8 Qd7 45. Nxc4 b1=Q 0-1


[Site "https://www.chess.com"]

[Event "Titled Tuesday Blitz October 04 Early 2022"]
[White "Rozman, Levy"]
[Black "Kosakowski, Jakub"]
[WhiteFideId "2039877"]
[BlackFideId "1185080"]
[WhiteElo "2376"]
[BlackElo "2463"]
[Result "0-1"]
[Round "10"]
[TimeControl "180+1"]
[Date "2022.10.04"]
[WhiteClock "0:00:18"]
[BlackClock "0:01:57"]

1. e4 c6 2. d4 d5 3. e5 Bf5 4. h4 h5 5. Bg5 Qb6 6. Bd3 Qxd4 7. Nf3 Qg4 8. Bxf5 Qxf5 9. c4 dxc4 10. O-O Nd7 11. Re1 e6 12. Nbd2 Ne7 13. Nxc4 Nd5 14. Nd4 Qg4 15. Qd3 Nc5 16. Qd2 Ne4 17. Rxe4 Qxe4 18. Re1 Qg6 19. Qa5 Bb4 20. Nd6+ Kf8 21. Qa4 Bxe1 0-1


[Site "https://www.chess.com"]

[Event "Titled Tuesday Blitz October 04 Early 2022"]
[White "Sarana, Alexey"]
[Black "Papasimakopoulos, Alexandros"]
[WhiteFideId "24133795"]
[BlackFideId "4244125"]
[WhiteElo "2689"]
[BlackElo "2357"]
[Result "1-0"]
[Round "10"]
[TimeControl "180+1"]
[Date "2022.10.04"]
[WhiteClock "0:02:18"]
[BlackClock "0:01:17"]

1. c4 f5 2. Nc3 Nf6 3. d4 d6 4. Bg5 Nbd7 5. e3 g6 6. Bd3 Bg7 7. Nge2 O-O 8. f3 e5 9. O-O c6 10. Qd2 a6 11. Rad1 Qe7 12. Bc2 h6 13. Bh4 g5 14. Bf2 b5 15. cxb5 axb5 16. Bxf5 d5 17. a3 Nb6 18. Bxc8 Nc4 19. Qc2 Raxc8 20. Ng3 Qe6 21. h3 exd4 22. exd4 Qf7 23. Rfe1 Nh5 24. Nxh5 Qxh5 25. Re6 Rf6 26. Rxf6 Bxf6 27. Qf5 Qf7 28. Qxc8+ 1-0


[Site "https://www.chess.com"]